 Dungeon Crawl Stone Soup version 0.27.1-33-g824d729ab1 (webtiles) character file.

Game seed: 7258125533744763447

164206 McKennaii the Devastator (level 16, 0/105 HPs)
             Began as a Demigod Conjurer on Dec 3, 2021.
             Killed from afar by a nagaraja (23 damage)
             ... with a poison arrow
             ... on level 4 of the Snake Pit.
             The game lasted 01:48:12 (52260 turns).

McKennaii the Devastator (Demigod Conjurer)        Turns: 52260, Time: 01:48:13

Health: 0/105      AC: 17    Str: 13    XL:     16   Next: 70%
Magic:  2/38       EV: 12    Int: 42    God:
Gold:   1264       SH: 26    Dex: 22    Spells: 22/41 levels left

rFire    + . .     SeeInvis .   t - staff of earth
rCold    . . .     Faith    .   l - +8 kite shield of the Rose {rF+ rCorr}
rNeg     . . .     Spirit   .   R - +4 scale mail of Waleiw {Str+5 Dex+4 Stlth+}
rPois    +         Reflect  +   H - +2 hat
rElec    .         Harm     .   x - +0 cloak {rPois}
rCorr    +         Rampage  .   X - +0 pair of gloves
Will     ++...                  y - +0 pair of boots
Stlth    +++.......             u - amulet of reflection
HPRegen  0.27/turn              N - +6 ring of dexterity
MPRegen  0.26/turn              I - ring "Anaalaiv" {Will+ Int+2}

@: lethally poisoned (0 -> -11)
A: high mp 1, forlorn
a: no special abilities


You were on level 4 of the Snake Pit.
You visited 5 branches of the dungeon, and saw 28 of its levels.
You also visited: Sewer and Volcano.

You collected 3553 gold pieces.
You spent 2289 gold pieces at shops.

Inventory:

Hand Weapons
 V - the +1 spear of the Orange Skies {drain, rPois SInv Stlth+}
   (You took it off a spriggan on level 6 of the Lair of Beasts)

   A truly terrible weapon, it drains the life of any living foe it strikes.
   rPois:     It protects you from poison.
   SInv:      It lets you see invisible.
   Stlth:     It makes you more stealthy.
Armour
 l - the +8 kite shield of the Rose (worn) {rF+ rCorr}
   (You found it on level 4 of the Lair of Beasts)

   rF:        It protects you from fire.
   rCorr:     It protects you from acid and corrosion.
 x - a +0 cloak of poison resistance (worn)
 y - a +0 pair of boots (worn)
 H - a +2 hat (worn)
 R - the +4 scale mail of Waleiw (worn) {Str+5 Dex+4 Stlth+}
   (You bought it in a shop on level 2 of the Orcish Mines)

   Str:       It affects your strength (+5).
   Dex:       It affects your dexterity (+4).
   Stlth:     It makes you more stealthy.
 U - a +2 cloak of willpower
 X - a +0 pair of gloves (worn)
Magical Staves
 t - a staff of earth (weapon)
Jewellery
 g - a ring of willpower
 u - an amulet of reflection (around neck)
 A - a ring of poison resistance
 I - the ring "Anaalaiv" (right hand) {Will+ Int+2}
   (You took it off a spriggan on level 6 of the Lair of Beasts)

   [ring of willpower]

   Int:       It affects your intelligence (+2).
   Will:      It increases your willpower.
 J - a ring of positive energy
 L - a ring of protection from fire
 N - a +6 ring of dexterity (left hand)
Wands
 m - a wand of iceblast (29)
 s - a wand of paralysis (13)
 z - a wand of acid (3)
 G - a wand of polymorph (13)
 O - a wand of charming (16)
 T - a wand of mindburst (8)
 Y - a wand of digging (9)
Scrolls
 a - 3 scrolls of enchant armour
 b - 4 scrolls of amnesia
 d - 2 scrolls of summoning
 e - 3 scrolls of brand weapon
 f - a scroll of magic mapping
 j - 9 scrolls of teleportation
 o - 9 scrolls of enchant weapon
 r - 6 scrolls of identify
 v - 3 scrolls of immolation
 B - 3 scrolls of blinking
 C - a scroll of silence
 D - 5 scrolls of fear
 F - 2 scrolls of holy word
 K - 3 scrolls of fog
 P - 2 scrolls of vulnerability
 W - 4 scrolls of torment
Potions
 c - 2 potions of invisibility
 h - 2 potions of mutation
 i - a potion of ambrosia
 k - 3 potions of haste
 n - 5 potions of brilliance
 p - 5 potions of might
 q - 7 potions of curing
 w - a potion of attraction
 E - 3 potions of flight
 M - a potion of berserk rage
 Q - 7 potions of resistance
 S - a potion of heal wounds
 Z - 3 potions of magic


   Skills:
 - Level 6.0 Armour
 - Level 6.0 Dodging
 - Level 6.0 Stealth
 + Level 11.7 Shields
 + Level 13.1 Spellcasting
 + Level 18.4 Conjurations
 - Level 4.2 Translocations
 - Level 6.0 Fire Magic


You had 22 spell levels left.
You knew the following spells:

 Your Spells              Type           Power      Damage    Failure   Level
a - Magic Dart            Conj           100%       1d8       0%          1
b - Searing Ray           Conj           100%       3d7       0%          2
c - Iskenderun's Mystic   Conj/Tloc      89%        2d17      1%          4
d - Fireball              Conj/Fire      46%        3d18      1%          5
e - Orb of Destruction    Conj           55%        9d16      3%          7

Your spell library contained the following spells:

 Spells                   Type           Power      Damage    Failure   Level
 Dazzling Flash           Conj/Hex       100%       N/A       1%          3
 Stone Arrow              Conj/Erth      100%       3d13      1%          3
 Fulminant Prism          Conj/Hex       40%        3d20      1%          4
 Iskenderun's Battlesphe  Conj           100%       2d15      1%          5
 Irradiate                Conj/Tmut      40%        3d26      4%          5
 Sandblast                Erth           82%        2d17      7%          1
 Bolt of Magma            Conj/Fire/Erth 48%        4d20      7%          5
 Portal Projectile        Hex/Tloc       90%        N/A       9%          3
 Corpse Rot               Necr/Air       N/A        N/A       11%         2
 Passwall                 Tmut/Erth      34%        N/A       11%         2
 Poisonous Vapours        Pois/Air       54%        N/A       11%         2
 Freezing Cloud           Conj/Ice/Air   34%        6-21      16%         5
 Call Canine Familiar     Summ           27%        N/A       21%         3
 Ozocubu's Armour         Ice            27%        N/A       21%         3
 Swiftness                Air            27%        N/A       21%         3
 Conjure Ball Lightning   Conj/Air       40%        3x3d13    24%         6
 Iron Shot                Conj/Erth      51%        9d10      24%         6
 Animate Armour           Summ/Erth      82%        N/A       56%         4
 Leda's Liquefaction      Hex/Erth       20%        N/A       56%         4
 Petrify                  Tmut/Erth      41%        N/A       56%         4
 Spellforged Servitor     Conj/Summ      40%        N/A       78%         7
 Blade Hands              Tmut           13%        N/A       88%         5
 Lee's Rapid Deconstruct  Erth           20%        3d13*     88%         5
 Metabolic Englaciation   Hex/Ice        13%        N/A       88%         5
 Invisibility             Hex            13%        N/A       100%        6
 Simulacrum               Ice/Necr       13%        N/A       100%        6
 Statue Form              Tmut/Erth      27%        N/A       100%        6
 Dragon Form              Tmut           13%        N/A       100%        7
 Lehudib's Crystal Spear  Conj/Erth      51%        10d12     100%        8
 Polar Vortex             Ice            13%        N/A       100%        9


Dungeon Overview and Level Annotations

Branches:
Dungeon (15/15)            Temple (0/1) D:7            Lair (6/6) D:10
  Swamp (1/4) Lair:4        Snake (4/4) Lair:2        Slime (0/5) Lair:5
    Orc (2/2) D:10            Elf (0/3) Orc:2        Vaults (0/5) D:14
 Depths (0/5) D:15          Sewer (visited)         Volcano (visited)

Shops:
D:5 *   D:7 [   D:10 (   Orc:2 ?:([   Snake:1 ?[[(   Snake:4 :!*

Portals:
Bazaar: Orc:2

Annotations:
Orc:1 2 transporters


Innate Abilities, Weirdness & Mutations

Your attributes grow dramatically as you level up.
You have an increased reservoir of magic. (+10% MP)
You shall have no god before yourself.


Message History

Aiming: Iceblast
Press: ? - help, Shift-Dir - straight line, f - nagaraja
Aim: a nagaraja, wielding a +0 club and wearing a +0 robe (black smoke, lightly wounded, fast)
The mass of ice explodes!
The iceblast engulfs the nagaraja!
The nagaraja is moderately wounded.
You hear an angry hiss.
Aiming: Iceblast
Press: ? - help, Shift-Dir - straight line, f/p - nagaraja
Aim: a nagaraja, wielding a +0 club and wearing a +0 robe (black smoke, moderately wounded, fast)
The mass of ice explodes!
The iceblast engulfs the nagaraja!
The nagaraja is moderately wounded.
You hear an angry hiss. x2; You hear a shout! x2; You hear an angry hiss.
Unknown command.
Aiming: Iceblast
Press: ? - help, Shift-Dir - straight line, f/p - nagaraja
Aim: a nagaraja, wielding a +0 club and wearing a +0 robe (moderately wounded, fast)
The mass of ice explodes!
The iceblast engulfs the nagaraja.
The nagaraja is heavily wounded.
Unknown command.
Aiming: Iceblast
Press: ? - help, Shift-Dir - straight line, f/p - nagaraja
Aim: a nagaraja, wielding a +0 club and wearing a +0 robe (black smoke, heavily wounded, fast)
The mass of ice explodes!
The iceblast engulfs the nagaraja!
The nagaraja is heavily wounded.
You hear an angry hiss.
The nagaraja spits poison at you.
The splash of poison reflects off an invisible shield around you!
The splash of poison hits the nagaraja.
The nagaraja casts a spell at you. The poison arrow hits you!
You are poisoned.
You partially resist.
* * * LOW HITPOINT WARNING * * *
Unknown command.
You feel better.
The nagaraja gestures at you while chanting.
The poison arrow hits you!!
You are poisoned.
You partially resist.
You die...

# ##############...... #
#...'.....# #...... ##
##...#≈)[..# ##...... .##
##...##≈§...###....... ..###
###...##§≈≈§.###........
....######....##≈§§§§###.........
#.....†......##§≈§N§##...........
##.....)....##≈≈≈.)##.#..........
§###..)...###≈≈≈@)##.............
≈≈§########§≈≈...##..............
.§§≈≈≈§≈≈≈≈≈≈...##...............
§§≈≈≈≈≈≈≈§§§§§.##..............##
..§.≈§≈≈≈§§....#.#.............#
.....≈≈§≈.§§...###.............#
...)..≈≈.......###.....##......#
.....§§≈.......##.....#####....#
.....§§≈≈...[..#......# #....#


You could see a nagaraja (fast).

Vanquished Creatures
  Rupert (D:13)
  Agnes (D:14)
  2 nagarajas (Snake:4)
  Louise (Snake:4)
  Aizul (Snake:4)
  An orc warlord (Orc:2)
  An ironbound preserver (D:14)
  Azrael (D:14)
  The ghost of kalagan the Destroyer, a journeyman DECj of Sif Muna (Lair:6)
  Snorg (D:14)
  An ice dragon (Lair:6)
  12 naga warriors
  2 rakshasas
  A boulder beetle (D:15)
  9 hydras
  A death knight (D:14)
  3 centaur warriors
  Harold (D:11)
  4 anacondas
  4 two-headed ogres
  Erica (D:8)
  A tengu warrior (D:14)
  The ghost of Cykl0x the Carver, a journeyman GrFi of the Shining One (D:10)
  An orc high priest (Orc:2)
  11 naga sharpshooters
  Sonja (D:12)
  7 shock serpents
  Nergalle (D:10)
  2 skeletal warriors (Volcano)
  5 salamander mystics (Snake:4)
  3 naga ritualists
  2 anaconda skeletons (Volcano)
  A wizard (D:15)
  A lindwurm (Snake:4)
  4 orc knights
  6 deep elf pyromancers
  A necromancer (D:15)
  5 mana vipers
  5 orc sorcerers
  A cyclops (D:14)
  13 salamanders
  5 manticores
  21 ugly things
  An oklob plant (Lair:4)
  A will-o-the-wisp (Swamp:1)
  7 elephants
  Joseph (D:8)
  8 guardian serpents
  Maurice (D:11)
  5 torpor snails (Lair:6)
  31 black mambas
  16 naga magi
  8 cane toads
  6 gargoyles
  Maggie (D:6)
  2 rime drakes (Lair:5)
  6 komodo dragons
  An unseen horror (D:11)
  3 yaktaurs (D:15)
  3 tengu conjurers (D:14)
  11 hornets
  A troll (shapeshifter) (D:13)
  12 trolls
  3 meliai (D:15)
  7 tyrant leeches
  11 blink frogs
  Grinder (Sewer)
  11 polar bears
  2 slime creatures (D:14)
  6 dream sheep (Lair:6)
  3 raiju (Lair:6)
  A meliai zombie (D:15)
  A centaur simulacrum (D:15)
  An alligator skeleton (Volcano)
  3 flying skulls (Volcano)
  A shadow (D:11)
  The ghost of Sensen the Conjurer, an amateur DECj (D:4)
  A vampire (D:10)
  53 yaks
  A fire elemental (D:14)
  4 basilisks
  3 spriggans
  3 wyverns
  2 steam dragons
  A basilisk (shapeshifter) (D:14)
  9 vampire mosquitoes
  Menkaure (D:6)
  8 wargs
  2 acid dragons
  48 nagas
  2 swamp worms (Lair:4)
  Duvessa (D:4)
  14 water moccasins
  17 hell hounds
  2 sky beasts
  32 orc warriors
  An ice beast (D:6)
  14 black bears
  A necrophage (D:4)
  A boggart (Lair:6)
  7 ogres
  6 centaurs
  32 wolves
  A phantom (D:6)
  4 kobold brigands
  12 bullfrogs
  3 scorpions
  Dowan (D:4)
  8 killer bees
  A vampire bat (D:11)
  A troll skeleton (Volcano)
  2 howler monkeys
  A bullfrog zombie (D:5)
  7 centaur zombies
  2 quasits (Sewer)
  2 jellies
  Crazy Yiuf (D:6)
  2 hounds
  24 orc priests
  3 iguanas
  23 orc wizards
  A naga skeleton (Volcano)
  Robin (D:4)
  A river rat (D:4)
  4 adders
  3 shadow imps (Sewer)
  6 ufetubi
  2 worms (D:4)
  3 dart slugs
  91 orcs
  11 ball pythons
  5 endoplasms
  7 giant cockroaches
  11 hobgoblins
  2 jackals (D:1)
  37 kobolds
  2 quokkas
  16 bats
  2 frilled lizards
  11 goblins
  10 rats
915 creatures vanquished.

Vanquished Creatures (others)
  A wizard (D:5)
  A manticore (Lair:6)
  An endoplasm (Sewer)
  2 bushes (Lair:6)
  4 foxfires (Swamp:1)
  90 fungi
  191 plants
290 creatures vanquished.

Grand Total: 1205 creatures vanquished

Notes
Turn   | Place    | Note
-------+----------+-------------------------------------------
     0 | D:1      | McKennaii the Demigod Conjurer began the quest for the Orb.
     0 | D:1      | Reached XP level 1. HP: 14/14 MP: 5/5
   544 | D:1      | Reached XP level 2. HP: 20/20 MP: 1/7
   818 | D:1      | Reached skill level 4 in Conjurations
  1510 | D:2      | Reached XP level 3. HP: 19/26 MP: 3/9
  1661 | D:2      | Learned a level 2 spell: Searing Ray
  2050 | D:3      | Noticed a sky beast
  2078 | D:3      | Killed a sky beast
  2079 | D:3      | Reached XP level 4. HP: 5/33 MP: 0/11
  3087 | D:4      | Found a runed translucent gate.
  3087 | D:4      | Found a runed translucent gate.
  3087 | D:4      | Found a runed translucent gate.
  3089 | D:4      | Noticed a kobold brigand
  3090 | D:4      | Noticed Sensen's ghost (amateur DECj)
  3145 | D:4      | Reached XP level 5. HP: 38/38 MP: 5/13
  3219 | D:4      | Noticed Duvessa
  3222 | D:4      | Noticed Dowan
  3272 | D:4      | Reached skill level 5 in Conjurations
  3587 | D:4      | Noticed a necrophage
  3597 | D:4      | Killed a necrophage
  3654 | D:4      | Found a glowing drain.
  3671 | Sewer    | Entered a sewer
  3827 | Sewer    | Reached XP level 6. HP: 45/45 MP: 8/15
  3840 | Sewer    | Learned a level 4 spell: Iskenderun's Mystic Blast
  4395 | Sewer    | Reached skill level 1 in Translocations
  4487 | Sewer    | Noticed Grinder
  4514 | Sewer    | Killed Grinder
  4515 | Sewer    | Reached skill level 6 in Conjurations
  4515 | Sewer    | Reached XP level 7. HP: 23/50 MP: 13/17
  4974 | D:4      | Noticed Robin
  4979 | D:4      | Killed Robin
  5141 | D:4      | Killed Duvessa
  5141 | D:4      | Killed Dowan
  5142 | D:4      | Reached skill level 5 in Spellcasting
  5577 | D:4      | Killed Sensen's ghost
  5735 | D:5      | Entered Level 5 of the Dungeon
  5789 | D:5      | Reached skill level 7 in Conjurations
  6000 | D:5      | Found Gozag's Platinum Reserve.
  6041 | D:5      | Reached XP level 8. HP: 57/57 MP: 15/20
  6099 | D:5      | Noticed a wizard
  6103 | D:5      | Killed a wizard
  6896 | D:6      | Noticed Maggie
  7113 | D:6      | Killed Maggie
  7119 | D:6      | Noticed Menkaure
  7379 | D:6      | Killed Menkaure
  7380 | D:6      | Reached skill level 8 in Conjurations
  7889 | D:6      | Found a runed translucent door.
  7890 | D:6      | Noticed Crazy Yiuf
  7895 | D:6      | Killed Crazy Yiuf
  8148 | D:7      | Found Pextun's Armour Shop.
  8160 | D:7      | Reached XP level 9. HP: 62/62 MP: 17/23
  8210 | D:7      | Found a staircase to the Ecumenical Temple.
  8621 | D:7      | Reached skill level 9 in Conjurations
  9597 | D:8      | Noticed Erica
  9794 | D:8      | Noticed Joseph
  9804 | D:8      | Killed Joseph
  9978 | D:8      | Killed Erica
  9979 | D:8      | Reached skill level 10 in Conjurations
  9979 | D:8      | Reached XP level 10. HP: 58/69 MP: 16/27
 11329 | D:9      | Noticed a two-headed ogre
 11355 | D:9      | Killed a two-headed ogre
 11356 | D:9      | Reached skill level 11 in Conjurations
 11686 | D:9      | Reached skill level 10 in Spellcasting
 11868 | D:10     | Entered Level 10 of the Dungeon
 12135 | D:10     | Reached XP level 11. HP: 70/74 MP: 5/29
 12365 | D:10     | Found a staircase to the Lair.
 12378 | D:10     | Found Ucirid's Weapon Emporium.
 12409 | D:10     | Noticed Nergalle
 12415 | D:10     | Killed Nergalle
 12480 | D:10     | Found a staircase to the Orcish Mines.
 12851 | D:10     | Identified the +2 robe of Baldness {rN+++ Int-4 Dex-3
                  | Slay+6}
 13121 | D:10     | Found a runed translucent door.
 13122 | D:10     | Noticed Cykl0x's ghost (journeyman GrFi)
 13690 | D:11     | Reached skill level 12 in Conjurations
 13859 | D:11     | Noticed Maurice
 13868 | D:11     | Killed Maurice
 14356 | D:11     | Noticed Harold
 14621 | D:11     | Killed Harold
 15921 | D:12     | Reached skill level 5 in Dodging
 16358 | D:12     | Noticed a two-headed ogre
 16363 | D:12     | Killed a two-headed ogre
 16422 | D:12     | Noticed a two-headed ogre
 16431 | D:12     | Killed a two-headed ogre
 16797 | D:13     | Noticed Sonja
 16797 | D:13     | Noticed a two-headed ogre
 16806 | D:12     | Killed a two-headed ogre
 17007 | D:13     | Noticed a deep elf pyromancer
 17048 | Lair:1   | Entered Level 1 of the Lair of Beasts
 17496 | Lair:1   | Noticed a six-headed hydra
 17541 | Lair:1   | Killed a six-headed hydra
 17542 | Lair:1   | Reached XP level 12. HP: 81/81 MP: 20/31
 17751 | Lair:1   | Noticed a four-headed hydra
 17760 | Lair:1   | Killed a four-headed hydra
 17761 | Lair:1   | Reached skill level 13 in Conjurations
 18756 | Lair:2   | Found a staircase to the Snake Pit.
 18928 | Lair:2   | Reached skill level 14 in Conjurations
 19318 | Lair:2   | Identified a scroll of acquirement
 19569 | Lair:3   | Found a dark tunnel.
 19577 | Volcano  | Entered a volcano
 20893 | Lair:3   | Reached skill level 15 in Conjurations
 21089 | Lair:3   | Noticed a boulder beetle
 21404 | Lair:4   | Noticed a seven-headed hydra
 22069 | Lair:4   | Identified the +8 kite shield of the Rose {rF+ rCorr}
 22150 | Lair:4   | Found a staircase to the Swamp.
 22483 | Lair:4   | Reached skill level 1 in Shields
 22483 | Lair:4   | Reached XP level 13. HP: 49/86 MP: 23/32
 23663 | Lair:5   | Identified the +10 long sword of Eternal Harmony {vorpal,
                  | MP-9 Str+6 SInv Stlth+}
 23860 | Lair:5   | Found a staircase to the Slime Pits.
 24371 | Lair:6   | Entered Level 6 of the Lair of Beasts
 24545 | Lair:6   | Reached skill level 16 in Conjurations
 24707 | Lair:6   | Found a runed translucent door.
 24934 | Lair:6   | Reached skill level 5 in Shields
 25282 | Lair:6   | Noticed kalagan's ghost (journeyman DECj)
 25283 | Lair:6   | Identified the ring "Anaalaiv" {Will+ Int+2}
 25285 | Lair:6   | Identified the +1 spear of the Orange Skies {drain, rPois
                  | SInv Stlth+}
 25810 | Lair:6   | Found a runed translucent door.
 27063 | Lair:6   | HP: 1/86 [torpor snail (16)]
 28304 | Lair:6   | Reached XP level 14. HP: 93/93 MP: 10/33
 29089 | Lair:6   | Acquired a book of the Spheres
 29097 | Lair:6   | Learned a level 5 spell: Fireball
 29105 | Lair:6   | Learned a level 7 spell: Orb of Destruction
 29110 | Lair:6   | Killed kalagan's ghost
 30620 | D:10     | Killed Cykl0x's ghost
 30621 | D:10     | Reached skill level 17 in Conjurations
 30833 | D:12     | Killed Sonja
 31108 | D:13     | Reached skill level 1 in Fire Magic
 31364 | D:13     | Noticed Rupert
 31371 | D:13     | Killed Rupert
 32239 | D:14     | Noticed Agnes
 32239 | D:14     | Noticed Snorg
 32244 | D:14     | Killed Agnes
 32249 | D:14     | Killed Snorg
 33001 | D:14     | Noticed an ironbound preserver
 33006 | D:14     | Killed an ironbound preserver
 33120 | D:14     | Found a gate to the Vaults.
 33467 | D:14     | Noticed Azrael
 33592 | D:14     | Killed Azrael
 34457 | D:15     | Entered Level 15 of the Dungeon
 35081 | D:15     | Reached XP level 15. HP: 99/99 MP: 2/35
 35556 | D:15     | Reached skill level 5 in Fire Magic
 36488 | D:15     | Reached skill level 10 in Shields
 36745 | D:15     | Found a staircase to the Depths.
 36955 | Orc:1    | Entered Level 1 of the Orcish Mines
 37151 | Orc:1    | Found the necklace of Bloodlust {*Rage +Rage Will++ Int-3
                  | Slay+6}
 37173 | Orc:2    | Entered Level 2 of the Orcish Mines
 37201 | Orc:2    | Found a gateway to a bazaar.
 37244 | Orc:2    | Found a staircase to the Elven Halls.
 39509 | Orc:2    | Found Kaiday's Antique Weapon Shop.
 39512 | Orc:2    | Found Conam's Antique Armour Boutique.
 39518 | Orc:2    | Bought a scorched scale mail for 225 gold pieces
 39518 | Orc:2    | Identified the +4 scale mail of Waleiw {Str+5 Dex+4 Stlth+}
                  | (You bought it in a shop on level 2 of the Orcish Mines)
 39524 | Orc:2    | Bought a bloodstained long sword for 212 gold pieces
 39524 | Orc:2    | Identified the +5 long sword "Degroqiw" {vorpal, *Slow rF+
                  | MP+9 Dex+7} (You bought it in a shop on level 2 of the
                  | Orcish Mines)
 40130 | Orc:2    | Found Jixtuogg's Book Emporium.
 40138 | Orc:2    | Bought a book of Ice for 644 gold pieces
 40138 | Orc:2    | Bought a book of Armaments for 504 gold pieces
 40220 | Orc:2    | Found Nocowia's Magic Scroll Shoppe.
 40228 | Orc:2    | Bought a scroll of blinking for 120 gold pieces
 40228 | Orc:2    | Bought 3 scrolls of identify for 96 gold pieces
 40228 | Orc:2    | Bought a scroll of fear for 56 gold pieces
 40921 | Orc:1    | Reached skill level 1 in Armour
 41091 | Orc:1    | Found a transporter.
 41343 | Orc:1    | Found a transporter.
 41607 | Swamp:1  | Entered Level 1 of the Swamp
 41807 | Snake:1  | Entered Level 1 of the Snake Pit
 42069 | Snake:1  | Found Cuuna's Armour Boutique.
 42069 | Snake:1  | Found Seatto's Antique Armour Shop.
 42070 | Snake:1  | Found Nistupra's Weapon Boutique.
 42074 | Snake:1  | Found Vuzef's Magic Scroll Shop.
 42084 | Snake:1  | Bought a scroll of fear for 56 gold pieces
 42084 | Snake:1  | Bought a scroll of fear for 56 gold pieces
 42084 | Snake:1  | Bought a scroll of summoning for 152 gold pieces
 42093 | Snake:1  | You fall into a shaft and drop 1 floor!
 43253 | Snake:2  | Reached skill level 5 in Stealth
 45215 | Snake:1  | Reached skill level 18 in Conjurations
 46688 | Snake:3  | Reached XP level 16. HP: 105/105 MP: 3/37
 48295 | Snake:4  | Entered Level 4 of the Snake Pit
 48460 | Snake:4  | Noticed Aizul
 48607 | Snake:4  | Killed Aizul
 49403 | Snake:4  | Found Rexej's Book Boutique.
 49405 | Snake:4  | Found Xampogic's Distillery.
 49407 | Snake:4  | Found Giwnauss's Assorted Antiques.
 49415 | Snake:4  | Bought a potion of might for 84 gold pieces
 49415 | Snake:4  | Bought a wand of iceblast (4) for 84 gold pieces
 49459 | Snake:4  | Noticed Louise
 49785 | Snake:4  | Reached skill level 5 in Armour
 50419 | Snake:4  | Killed Louise
 52260 | Snake:4  | Killed from afar by a nagaraja

Illustrated notes

Levels and vault maps discovered:
D:1:      dpeg_arrival_tiny_e, layout_loops_ring,
          shapermc_ecumenical_altar_notcrosses
D:2:      layout_rooms
D:3:      layout_loops_ring
D:4:      layout_basic, portal_sewer_entry_b, gammafunk_ghost_nasty_kobolds,
          uniq_robin, uniq_duvessa
D:5:      layout_rooms, trog_wizard, nicolae_gozag_zags_fifth_avenue,
          mrwooster_statue_mirror, uniq_grinder
D:6:      layout_basic, uniq_maggie, uniq_crazy_yiuf_cottage, uniq_menkaure
D:7:      layout_basic, mainiacjoe_overflow_two_lobes,
          minmay_temple_entry_glass, serial_shops, shop_coins,
          amcnicky_mini_corridor_feature, minmay_stone_trees_medium
D:8:      layout_loops_ring, mainiacjoe_overflow_catwalk_spiral, uniq_joseph,
          uniq_erica
D:9:      layout_gridville, lemuel_coloured_pillars_altar, old_standard_altar
D:10:     layout_basic, mainiacjoe_overflow_small_starburst,
          due_lair_maze_entry_diamond, david_orc_1_choice, serial_curves,
          eino_curves_02, eino_curves_04, gammafunk_ghost_grave, serial_shops,
          nicolae_square_shop, uniq_nergalle
D:11:     layout_stronghold, serial_rivers, chequers_serial_rivers_micro_b,
          chequers_serial_rivers_small_a, chequers_serial_rivers_room_b,
          chequers_serial_rivers_large_b, roderic_batcave, uniq_harold,
          uniq_maurice
D:12:     layout_basic, the_hattery
D:13:     wad_cavern_with_rooms, layout_cave_pools, uniq_sonja, uniq_rupert
D:14:     layout_irregular_city, skrybe_vaults_entry_preservation,
          nicolae_twisting_strands, uniq_azrael, uniq_agnes, uniq_snorg
D:15:     grunt_enter_depths_magical_seal, layout_gridville,
          gauntlet_entry_generic, chequers_arboretum
Lair:1:   layout_regular_city, minivault_19, grunt_megastairs_4,
          serial_bayou_shore_a, lemuel_fruit_fields
Lair:2:   layout_roguey, guppyfry_snake_entry_island
Lair:3:   layout_hall_layers, nicolae_volcano_entry_s_turn
Lair:4:   layout_misc_corridors, minmay_swamp_entry_worms,
          minmay_lair_oklob_items
Lair:5:   layout_loops_ring, slime_altar_1, patterned_corridor
Lair:6:   hangedman_lair_caniforms_friends, layout_gridlike, wormcave,
          serial_forest, infiniplex_forest_corner_1,
          infiniplex_forest_clump_curved, infiniplex_forest_clump_curved,
          infiniplex_forest_clump_double, infiniplex_forest_lined_room_,
          infiniplex_forest_lined_1, infiniplex_forest_zigzag_1,
          infiniplex_forest_clump_diagonal, ebering_ghost_funeral_grove,
          serial_bayou_pond_d
Swamp:1:  layout_basic_swamp, nicolae_swamp_tree_isthmus, swamp_pool3,
          nicolae_swamp_dense_foliage, infiniplex_staircase_pool
Snake:1:  layout_honeycomb, minmay_shoptagon
Snake:2:  layout_chambers, grunt_megastairs_3
Snake:3:  layout_chambers
Snake:4:  snake_pit_salamanders_mu, layout_onion, grunt_ministairs_12,
          hangedman_snake_corridor_split, minmay_shop_star, lemuel_fruit_tree,
          uniq_aizul, uniq_louise
Orc:1:    emtedronai_trogs_sanctum, layout_diamond_mine, mines4_lemuel
Orc:2:    grunt_orc_community_town_hall, layout_caves,
          grunt_orc_community_big_house_1, grunt_orc_community_big_house_1,
          grunt_orc_community_house_1, grunt_orc_community_house_2,
          grunt_orc_community_house_1, grunt_orc_community_house_1,
          grunt_orc_community_house_2, serial_shops, statue_bzr, led_sif_book

Skill      XL: |  1  2  3  4  5  6  7  8  9 10 11 12 13 14 15 16 |
---------------+-------------------------------------------------+-----
Spellcasting   | 2 3 4 5 7 8 10 11 12 13 | 13.1
Conjurations   | 4 5 6 7 8 10 11 12 15 16 17 18 | 18.4
Translocations | 1 2 4 |  4.2
Dodging        | 6 |  6.0
Stealth        | 3 5 6 |  6.0
Shields        | 1 7 9 10 11 | 11.7
Fire Magic     | 4 6 |  6.0
Armour         | 3 6 |  6.0

Action                   |  1- 3 |  4- 6 |  7- 9 | 10-12 | 13-15 | 16-18 || total
-------------------------+-------+-------+-------+-------+-------+-------++-------
Melee: Unarmed           |    34 |    15 |       |       |       |       ||    49
       Staff             |       |       |     1 |     5 |    75 |    31 ||   112
 Cast: Magic Dart        |    77 |   132 |   159 |   224 |   613 |    44 ||  1249
       Searing Ray       |     2 |     8 |    33 |   143 |   131 |     5 ||   322
       Iskenderun's Myst |       |       |     4 |    87 |   255 |    42 ||   388
       Orb of Destructio |       |       |       |       |    78 |    35 ||   113
       Fireball          |       |       |       |       |   158 |    87 ||   245
Evoke: Wand              |       |       |     4 |    10 |     9 |     6 ||    29
  Use: Potion            |       |     3 |     3 |     2 |     1 |     1 ||    10
       Scroll            |       |       |     6 |    14 |    10 |     2 ||    32
Armor: Robe              |    11 |    13 |     9 |       |       |       ||    33
       Steam dragon scal |       |       |    13 |    70 |    72 |       ||   155
       Scale mail        |       |       |       |       |    20 |    14 ||    34
Dodge: Dodged            |    43 |    36 |    32 |   139 |   242 |    18 ||   510
Block: Other             |       |       |    10 |    44 |    45 |       ||    99
       Reflection        |       |       |     4 |     1 |    66 |    30 ||   101
       Kite shield       |       |       |       |       |   283 |   117 ||   400
